 Dungeon Crawl Stone Soup version 0.31-a0-983-g7b6862f502 (webtiles) character file.

Game seed: 3171283031785119540

25 croobank the Ruffian (level 2, -12/23 HPs)
             Began as a Demigod Shapeshifter on Nov 2, 2023.
             Mangled by a gnoll
             ... wielding a +0 flail
              (13 damage)
             ... on level 1 of the Dungeon.
             The game lasted 00:07:43 (631 turns).

croobank the Ruffian (Demigod Shapeshifter)          Turns: 631, Time: 00:07:43

Health: -12/23     AC:  2    Str: 15    XL:     2   Next: 66%
Magic:  4/4        EV: 12    Int: 12    God:
Gold:   103        SH:  0    Dex: 13    Spells: 1/1 levels left

rFire   + .          .
                       - Unarmed
rCold   + . .        (no shield)
rNeg    . . .        a - +0 animal skin
rPois   +            (helmet currently unavailable)
rElec   +            (cloak currently unavailable)
rCorr   +            (gloves currently unavailable)
SInv    .            (boots currently unavailable)
Will    .....        (no amulet)
Stlth   +            (no ring)
HPRegen 0.23/turn    (no ring)
MPRegen 0.09/turn

%: no passive effects
@: beast-form, resistant
A: beast (slay +1), high MP 1, forlorn, divine attributes
a: Begin Untransformation


You were on level 1 of the Dungeon.
You were a hulking beast.
You visited 1 branch of the dungeon, and saw 1 of its levels.

You collected 103 gold pieces.

Inventory:

Hand Weapons
 e - a +0 dagger
Armour
 a - a +0 animal skin (worn)
Jewellery
 h - a ring of ice
Talismans
 c - a beast talisman
 d - a flux talisman
Scrolls
 f - a scroll of fear {unknown}
 i - 2 scrolls of identify {unknown}
 j - 3 scrolls of teleportation {unknown}
Potions
 b - a potion of lignification
 g - a potion of magic


   Skills:
 + Level 1.4 Fighting
 + Level 2.1 Dodging
 + Level 3.0 Unarmed Combat
 + Level 2.9 Shapeshifting


You had one spell level left.
You didn't know any spells.
Your spell library was empty.

Dungeon Overview and Level Annotations

Branches:
Dungeon (1/15)


Innate Abilities, Weirdness & Mutations

You are a hulking beast.
Your limbs bulge with bestial killing power. (Slay +1)
You have an increased reservoir of magic. (+10% MP)
You shall have no god before yourself.
Your divine heritage dramatically boosts your attributes as you level up.


Message History

You hit the endoplasm. Your punch misses the endoplasm.
The endoplasm is heavily wounded.
The endoplasm hits you but does no damage.
Found an emerald potion.
The endoplasm attacks as it pursues you!
The endoplasm barely misses you.
Things that are here:
a +0 dagger; a hobgoblin corpse; a goblin corpse You hit the endoplasm.
You kill the endoplasm!
i - 2 scrolls labelled CEK GAXTOVACKE (gained 1)
k - a coppery potion You see here a rat corpse.
g - 2 emerald potions (gained 1)
You now have 91 gold pieces (gained 10).
You now have 103 gold pieces (gained 12).
You see here a +2 tower shield.
A gnoll comes into view. It is wielding a +0 flail.
The gnoll shouts!
The gnoll moves out of view.
The gnoll closely misses you.
You completely miss the gnoll. You hit the gnoll.
The gnoll is moderately wounded.
The gnoll hits you with a +0 flail!
You barely miss the gnoll.
The gnoll is moderately wounded.
The gnoll hits you with a +0 flail!
* * * LOW HITPOINT WARNING * * *
You hit the gnoll.
The gnoll is heavily wounded.
The gnoll hits you with a +0 flail.
* * * LOW HITPOINT WARNING * * *
It was a potion of magic.
Magic courses through your body. The gnoll completely misses you.
It was a potion of resistance.
You feel protected. The gnoll hits you with a +0 flail!
Ouch! That really hurt!
You die...

######## ########
......######......#
....#.#...........#
...#.#.####......#
#g#.#.#.........#
#h.......#.##)####
+............#....
####........#.#.#.###
..$............#+#.#..
#####......####.......
#####.............
##.....#.......
#..))..........
#......#.......


You could see a gnoll.

Vanquished Creatures
  3 bats (D:1)
  4 endoplasms (D:1)
  2 goblins (D:1)
  2 hobgoblins (D:1)
  5 kobolds (D:1)
  A ball python (D:1)
  A frilled lizard (D:1)
  5 rats (D:1)
23 creatures vanquished.

Notes
Turn   | Place    | Note
-------+----------+-------------------------------------------
     0 | D:1      | croobank the Demigod Shapeshifter began the quest for the
                  | Orb.
     0 | D:1      | Reached XP level 1. HP: 15/15 MP: 3/3
    26 | D:1      | Reached skill level 1 in Fighting
   306 | D:1      | Reached XP level 2. HP: 23/23 MP: 4/4
   547 | D:1      | Reached skill level 3 in Unarmed Combat
   629 | D:1      | HP: 1/23 [gnoll/+0 flail (5)]
   631 | D:1      | Mangled by a gnoll

Illustrated notes

Levels and vault maps discovered:
D:1:      wander_arrival_desolate, layout_basic, minmay_misc_feat_chi

Skill      XL: |  1  2 |
---------------+-------+-----
Fighting       | 1 |  1.4
Dodging        | 2 |  2.1
Unarmed Combat | 3 |  3.0
Shapeshifting  | |  2.9

Action                     || total
---------------------------++-------
  Melee: Unarmed           ||    63
         Punch             ||     4
    Use: Potion            ||     2
   Stab: Sleeping          ||     1
 Armour: Animal skin       ||    35
  Dodge: Dodged            ||    41

Table legend: (Time is in decaauts)
 A = Elapsed time spent in this place.
 B = Non-inter-level travel time spent in this place.
 C = Inter-level travel time spent in this place.
 D = Time resting spent in this place.
 E = Time spent auto-exploring this place.
 F = Levels seen in this place.
 G = Mean time per level.
                   A        B        C        D        E       F      G
               +--------+--------+--------+--------+--------+-----+--------+
         Total |    627 |    627 |      0 |     41 |    398 |   1 |  627.0 |
       Dungeon |    627 |    627 |      0 |     41 |    398 |   1 |  627.0 |
               +--------+--------+--------+--------+--------+-----+--------+

Top non-repeatable levels by time:
     D:1: 627 daAuts
